 Dungeon Crawl Stone Soup version 0.30.0 (webtiles) character file.

Game seed: 10255070121962751284

112 FluffyMeow the Vexing (level 5, -1/37 HPs)
             Began as a Human Hexslinger on Sept 24, 2023.
             Slain by an orc
             ... wielding a +0 flail
              (2 damage)
             ... on level 3 of the Dungeon.
             The game lasted 00:49:20 (2175 turns).

FluffyMeow the Vexing (Human Hexslinger)            Turns: 2175, Time: 00:49:20

Health: -1/37      AC:  6    Str: 11    XL:     5   Next: 16%
Magic:  6/6        EV: 10    Int: 13    God:
Gold:   179        SH:  0    Dex: 15    Spells: 2/6 levels left

rFire   . . .        d - +0 dagger
rCold   . . .        (no shield)
rNeg    . . .        r - +0 ring mail
rPois   .            h - +0 helmet
rElec   .            (no cloak)
rCorr   .            (no gloves)
SInv    .            (no boots)
Will    .....        (no amulet)
Stlth   +            (no ring)
HPRegen 0.26/turn    (no ring)
MPRegen 0.10/turn

%: no passive effects
@: mighty
A: no striking features
a: no special abilities


You were on level 3 of the Dungeon.
You visited 1 branch of the dungeon, and saw 3 of its levels.

You collected 179 gold pieces.

Inventory:

Hand Weapons
 a - a +1 sling
 d - a +0 dagger (weapon)
Missiles
 l - 2 javelins
Armour
 c - a +0 robe
 h - a +0 helmet (worn)
 i - a +0 chain mail
 r - a +0 ring mail (worn)
Scrolls
 b - a scroll of poison
 e - a scroll of teleportation {unknown}
 g - 6 scrolls of identify {unknown}
 j - a scroll of enchant armour {unknown}
 k - a scroll of silence {unknown}
 n - 2 scrolls of fear {unknown}
 o - a scroll of noise {unknown}
 s - a scroll of fog {unknown}
Potions
 m - 2 potions of curing {unknown}
 p - a potion of magic {unknown}
 q - a potion of brilliance {unknown}


   Skills:
 - Level 1.0 Fighting
 - Level 3.3 Ranged Weapons
 - Level 2.0 Dodging
 - Level 1.0 Spellcasting
 * Level 3.9 Hexes
 * Level 2.2 Fire Magic


You had 2 spell levels left.
You knew the following spells:

 Your Spells              Type           Power      Damage    Failure   Level
a - Slow                  Hex            40%        N/A       14%         1
b - Inner Flame           Hex/Fire       8%         N/A       50%         3

Your spell library contained the following spells:

 Spells                   Type           Power      Damage    Failure   Level
 Portal Projectile        Hex/Tloc       10%        N/A       67%         3
 Cause Fear               Hex            5%         N/A       80%         4


Dungeon Overview and Level Annotations

Branches:
Dungeon (3/15)

Altars:


Message History

The orc wizard hits you with a +0 dagger.
You shoot a sling bullet.
The sling bullet hits the orc but does no damage.
The orc is almost dead.
The orc priest calls upon Beogh to heal the orc.
The orc's wounds heal themselves!
The orc hits you with a +0 short sword.
The orc wizard drinks a potion.
The orc wizard suddenly seems more resistant.
The orc wizard hits you with a +0 dagger.
The orc closely misses you. The orc hits you with a +0 short sword.
You shoot a sling bullet.
The sling bullet barely misses the orc wizard.
The orc hits you but does no damage.
The orc wizard hits you with a +0 dagger.
* * * LOW HITPOINT WARNING * * *
It was a potion of might.
You feel very mighty all of a sudden.
The orc priest begins to cast a cantrip, but forgets the words!
The orc hits you but does no damage. The orc barely misses you.
The orc wizard hits you but does no damage.
Okay, then.
d - a +0 dagger (weapon)
The orc barely misses you. The orc hits you with a +0 short sword.
* * * LOW HITPOINT WARNING * * *
The orc priest miscasts a cantrip.
The orc wizard barely misses you.
You miss the orc wizard. The orc hits you with a +0 flail.
* * * LOW HITPOINT WARNING * * *
The orc hits you but does no damage. The orc wizard closely misses you.
You miss the orc wizard. The orc hits you with a +0 flail.
* * * LOW HITPOINT WARNING * * *
The orc priest looks encouraged for a moment.
The orc wizard hits you but does no damage.
You barely miss the orc wizard. The orc closely misses you.
The orc hits you but does no damage. The orc wizard closely misses you.
You barely miss the orc wizard. Your punch misses the orc wizard.
The orc priest hits you with a +0 hand axe.
* * * LOW HITPOINT WARNING * * *
The orc hits you with a +0 flail.
You die...

#. #.### ## ###....
.. ...... .
#.#.#### .# #
#####...##.###.#.##
#.......)....).....
#......oo....##
##...#o@o......
#...#..##.....
#...#..# .#.
#####...#...
#............
#.###...##.### #.#
#........ #.#
#......... #.#
#....#.##.


You could see an orc priest, an orc wizard (resistant) and 2 orcs.

Vanquished Creatures
  An orc priest (D:3)
  2 adders (D:2)
  A dart slug (D:1)
  2 ball pythons
  4 bats (D:1)
  4 endoplasms (D:1)
  4 giant cockroaches (D:1)
  9 goblins
  8 hobgoblins
  7 jackals (D:2)
  A quokka (D:2)
  2 frilled lizards
  7 kobolds
  3 rats
55 creatures vanquished.

Vanquished Creatures (others)
  2 plants (D:1)
2 creatures vanquished.

Grand Total: 57 creatures vanquished

Notes
Turn   | Place    | Note
-------+----------+-------------------------------------------
     0 | D:1      | FluffyMeow the Human Hexslinger began the quest for the
                  | Orb.
     0 | D:1      | Reached XP level 1. HP: 15/15 MP: 2/2
   190 | D:1      | Reached XP level 2. HP: 13/21 MP: 3/3
   607 | D:1      | Reached XP level 3. HP: 26/26 MP: 4/4
   650 | D:1      | Learned a level 3 spell: Inner Flame
  1410 | D:2      | Reached skill level 1 in Fire Magic
  1423 | D:2      | Reached XP level 4. HP: 32/32 MP: 5/5
  2165 | D:3      | Reached XP level 5. HP: 21/37 MP: 6/6
  2175 | D:3      | HP: 1/37 [orc priest/+0 hand axe (3)]
  2175 | D:3      | Slain by an orc

Illustrated notes

Levels and vault maps discovered:
D:1:      lightli_arrival_flooded_house, layout_basic, patterned_corridor
D:2:      layout_rooms
D:3:      layout_basic, bloody_makhleb, ebering_ecumenical_altar_ruins,
          uniq_sigmund

Skill      XL: |  1  2  3  4 |
---------------+-------------+-----
Ranged Weapons | 3 |  3.3
Fire Magic     | 1 2 |  2.2
Fighting       | |  1.0
Dodging        | |  2.0
Spellcasting   | |  1.0
Hexes          | |  3.9

Action                     |  1- 3 |  4- 6 || total
---------------------------+-------+-------++-------
  Melee: Dagger            |       |    15 ||    15
   Fire: Sling             |    83 |   110 ||   193
  Throw: Javelin           |     6 |       ||     6
   Cast: Slow              |     4 |     6 ||    10
    Use: Potion            |       |     1 ||     1
 Armour: Robe              |    15 |    16 ||    31
         Chain mail        |    12 |       ||    12
         Ring mail         |       |    15 ||    15
  Dodge: Dodged            |    34 |    54 ||    88
